 Dungeon Sprint DCSS version 0.31-a0-940-gdaa99269f9 (webtiles) character file.

Game seed: 14728403122828348028

2450 sircluck the Grappler (level 9, -5/102 HPs)
             Began as a Troll Berserker on Oct 20, 2023.
             Was the Champion of Trog.
             Slain by a black mamba (17 damage)
             ... in the Dungeon (Sprint VII: "The Pits").
             The game lasted 00:02:26 (491 turns).

sircluck the Grappler (Troll Berserker)              Turns: 491, Time: 00:02:27

Health: -5/102     AC:  4    Str: 37    XL:     9   Next: 25%
Magic:  8/8        EV: 12    Int:  3    God:    Trog [******]
Gold:   0          SH:  0    Dex:  9    Spells: 8/8 levels left

rFire   . .          .
                       - Unarmed
rCold   . . .        (no shield)
rNeg    . . .        a - +0 animal skin
rPois   .            (helmet restricted)
rElec   .            (no cloak)
rCorr   .            (gloves unavailable)
SInv    .            (boots unavailable)
Will    .....        (no amulet)
Stlth   +            l - +3 ring of strength
HPRegen 1.17/turn    k - +3 ring of strength
MPRegen 0.11/turn

%: no teleportation
@: no status effects
A: large, unfitting armour, claws 3, regeneration 1, shaggy fur 1, tough skin 1
a: Renounce Religion, Berserk, Trog's Hand, Brothers in Arms


You were in the Dungeon.
You worshipped Trog.
Trog was exalted by your worship.
You visited 1 branch

Inventory:

Armour
 a - a +0 animal skin (worn)
Jewellery
 k - a +3 ring of strength (right claw)
 l - a +3 ring of strength (left claw)
Scrolls
 g - a scroll of blinking
 i - 2 scrolls of vulnerability
 j - a scroll of butterflies
Potions
 b - 7 potions of curing
 c - 12 potions of heal wounds
 d - a potion of haste
 e - 4 potions of magic
 f - 3 potions of berserk rage
 h - 2 potions of invisibility
 m - a potion of mutation
 n - a potion of resistance


   Skills:
 + Level 10.9 Fighting
 + Level 10.7 Dodging
 + Level 12.6 Unarmed Combat


You had 8 spell levels left.
You didn't know any spells.
Your spell library was empty.

Dungeon Overview and Level Annotations

Branches:
Dungeon (1/1)

Altars:
Ashenzari
Cheibriados
Dithmenos
Elyvilon
Fedhas
Gozag
Hepliaklqana
Kikubaaqudgha
Makhleb
Nemelex Xobeh
Okawaru
Qazlal
Ru
Sif Muna
Trog
Uskayaw
Vehumet
Wu Jian
Xom
Yredelemnul
Zin
The Shining One
Jiyva
Lugonu


Innate Abilities, Weirdness & Mutations

You are too large for most types of armour.
You have claws for hands.
Your natural rate of healing is unusually fast.
You are covered in fur. (AC +1)
You have tough skin. (AC +1)


Message History

You kill the hound!
Trog accepts your kill.
No target in view!
No target in view!
No target in view!
No target in view!
No target in view!
No target in view!
An orc sorcerer comes into view. It is wielding a +0 dagger.
The orc sorcerer shouts!
An orc warrior, a black mamba and a small abomination come into view.
The orc warrior shouts!
The black mamba hisses angrily.
You hear a shout! x2
An orc comes into view. It is wielding a +0 whip.
The black mamba bites you but does no damage.
The black mamba bites you.
The orc sorcerer gestures at you while chanting.
You suddenly lose the ability to move!
The black mamba bites you!
You are poisoned.
The black mamba poisons you! The black mamba bites you!
You feel very sick. The black mamba bites you.
You are more poisoned.
The black mamba poisons you! The black mamba bites you!
You feel extremely sick. The black mamba bites you.
You feel extremely sick. The black mamba bites you. The black mamba bites you!!
* * * LOW HITPOINT WARNING * * *
The orc sorcerer gestures at you while chanting.
You shrug off the repeated paralysis!
You can move again.
Unknown command.
Unknown command.
Unknown command.
Unknown command.
You feel better. The black mamba bites you!
* * * LOW HITPOINT WARNING * * *
The black mamba bites you!
You die...

##))##.......##..##
.#..##.......##...##
.#'###...<...###...##+##.
....##.......# ##†.......
....##.......###..###+###
######.......##..##
.#))###########..+
.#)############..##
.#.#....#..[[###@o###'###
.#)#....#!.[[# ##S..o.o..
.#)))...'..))# #...##+##.
.#'#....#..))##...##
.'.#....#..))##..##
#################


You could see a black mamba, an orc sorcerer, an orc warrior and an orc.

Vanquished Creatures
  An orange demon (D)
  A fire bat (D)
  A black bear (D)
  2 scorpions (D)
  A crimson imp (D)
  2 hounds (D)
  2 iron imps (D)
  Jessica (D)
  An orc wizard (D)
  A mummy (D)
  3 gnolls (D)
  4 orcs (D)
  A goblin (D)
  A hobgoblin (D)
  A kobold (D)
  A frilled lizard (D)
  A rat (D)
25 creatures vanquished.

Vanquished Creatures (collateral kills)
  A death yak (D)
  An orc knight (D)
  A troll (D)
  A warg (D)
  2 orc warriors (D)
  An orc wizard (D)
  An orc (D)
8 creatures vanquished.

Grand Total: 33 creatures vanquished

Notes
Turn   | Place    | Note
-------+----------+-------------------------------------------
     0 | D        | sircluck the Troll Berserker began the quest for the Orb.
     0 | D        | Reached XP level 1. HP: 22/22 MP: 0/0
    30 | D        | Found a bloodstained altar of Trog.
    30 | D        | Found a shimmering blue altar of Sif Muna.
    30 | D        | Found a viscous altar of Jiyva.
    30 | D        | Found a hazy altar of Hepliaklqana.
    30 | D        | Found an opulent altar of Gozag.
    31 | D        | Found a glowing golden altar of the Shining One.
    31 | D        | Found a glowing silver altar of Zin.
    31 | D        | Found a basalt altar of Yredelemnul.
    31 | D        | Found a shimmering altar of Xom.
    31 | D        | Found an ornate altar of the Wu Jian Council.
    31 | D        | Found a sacrificial altar of Ru.
    31 | D        | Found a stormy altar of Qazlal.
    31 | D        | Found an iron altar of Okawaru.
    31 | D        | Found a sparkling altar of Nemelex Xobeh.
    31 | D        | Found a burning altar of Makhleb.
    31 | D        | Found a blossoming altar of Fedhas.
    31 | D        | Found a white marble altar of Elyvilon.
    31 | D        | Found a shadowy altar of Dithmenos.
    31 | D        | Found a snail-covered altar of Cheibriados.
    35 | D        | Found a corrupted altar of Lugonu.
    35 | D        | Found a radiant altar of Vehumet.
    36 | D        | Found a broken altar of Ashenzari.
    36 | D        | Found an ancient bone altar of Kikubaaqudgha.
    36 | D        | Found a hide-covered altar of Uskayaw.
    82 | D        | Reached XP level 2. HP: 26/31 MP: 1/1
    82 | D        | Reached ** piety under Trog
    83 | D        | Reached skill level 4 in Unarmed Combat
   120 | D        | Noticed a scorpion
   125 | D        | Reached XP level 3. HP: 38/39 MP: 2/2
   126 | D        | Killed a scorpion
   126 | D        | Reached *** piety under Trog
   127 | D        | Reached skill level 5 in Unarmed Combat
   127 | D        | Reached XP level 4. HP: 41/49 MP: 3/3
   130 | D        | Noticed a scorpion
   134 | D        | Killed a scorpion
   135 | D        | Reached skill level 5 in Fighting
   135 | D        | Reached skill level 5 in Dodging
   135 | D        | Reached skill level 6 in Unarmed Combat
   135 | D        | Reached XP level 5. HP: 57/57 MP: 4/4
   177 | D        | Noticed Jessica
   192 | D        | Killed Jessica
   192 | D        | Reached **** piety under Trog
   193 | D        | Reached skill level 7 in Unarmed Combat
   194 | D        | Noticed a fire bat
   197 | D        | Killed a fire bat
   198 | D        | Reached skill level 8 in Unarmed Combat
   198 | D        | Reached XP level 6. HP: 71/71 MP: 5/5
   231 | D        | Reached ***** piety under Trog
   248 | D        | Noticed an orange demon
   256 | D        | Killed an orange demon
   257 | D        | Reached skill level 9 in Unarmed Combat
   257 | D        | Reached XP level 7. HP: 34/81 MP: 6/6
   310 | D        | Reached skill level 10 in Unarmed Combat
   324 | D        | Noticed an orc knight
   324 | D        | Noticed a troll
   324 | D        | Noticed a death yak
   330 | D        | Killed a death yak
   330 | D        | Received a gift from Trog
   331 | D        | Reached skill level 11 in Unarmed Combat
   331 | D        | Reached XP level 8. HP: 71/92 MP: 7/7
   333 | D        | Killed an orc knight
   334 | D        | Reached skill level 10 in Fighting
   334 | D        | Reached skill level 10 in Dodging
   334 | D        | Reached skill level 12 in Unarmed Combat
   335 | D        | Killed a troll
   336 | D        | Reached XP level 9. HP: 86/102 MP: 8/8
   355 | D        | Reached ****** piety under Trog
   355 | D        | Received a gift from Trog
   484 | D        | Noticed an orc sorcerer
   485 | D        | Noticed a black mamba
   486 | D        | Paralysed by an orc sorcerer for 5 turns
   491 | D        | Slain by a black mamba

Illustrated notes

Levels and vault maps discovered:
D:        pitsprint [storerooms_1, entrance_room_1, metal_vault_5, armoury_2,
          mini_pit_1, grid_room_1, main_hall_1, silver_pit, the_coven_3,
          the_vestibule_1, steel_vault_2, golden_pit, hallway_of_sentries,
          crystal_vault_2, iron_vault_4, final_vault]

Skill      XL: |  1  2  3  4  5  6  7  8 |
---------------+-------------------------+-----
Fighting       | 3 4 5 7 8 9 10 | 10.9
Dodging        | 3 4 5 6 8 9 10 | 10.7
Unarmed Combat | 4 5 6 8 9 11 12 | 12.6

Action                     |  1- 3 |  4- 6 |  7- 9 || total
---------------------------+-------+-------+-------++-------
  Melee: Unarmed           |    21 |    24 |    19 ||    64
 Invoke: Brothers in Arms  |       |       |     1 ||     1
    Use: Potion            |       |       |     1 ||     1
 Armour: Animal skin       |    19 |    14 |    25 ||    58
  Dodge: Dodged            |     7 |    10 |    10 ||    27

Table legend: (Time is in decaauts)
 A = Elapsed time spent in this place.
 B = Non-inter-level travel time spent in this place.
 C = Inter-level travel time spent in this place.
 D = Time resting spent in this place.
 E = Time spent auto-exploring this place.
 F = Levels seen in this place.
 G = Mean time per level.
                   A        B        C        D        E       F      G
               +--------+--------+--------+--------+--------+-----+--------+
         Total |    480 |    470 |     10 |     47 |    165 |   1 |  480.0 |
       Dungeon |    480 |    470 |     10 |     47 |    165 |   1 |  480.0 |
               +--------+--------+--------+--------+--------+-----+--------+

Top non-repeatable levels by time:
       D: 480 daAuts
